 Dungeon Crawl Stone Soup version 0.28-a0-883-gc8d7bad45d (webtiles) character file.

Game seed: 5623537360403359904

399092 demibob the Slayer (level 22, -16/165 (214) HPs)
             Began as a Demonspawn Chaos Knight on Nov 21, 2021.
             Was a Favourite Plaything of Xom.
             Killed from afar by a Tzitzimitl (45 damage)
             ... with a bolt of negative energy
             ... summoned by a dread lich
             ... while paralysed by a dread lich
             ... on level 5 of the Vaults on Nov 22, 2021.
             The game lasted 03:43:26 (64400 turns).

demibob the Slayer (Demonspawn Chaos Knight)       Turns: 64400, Time: 03:43:27

HP:   -16/165 (214) AC: 36    Str: 20    XL:     22   Next: 24%
MP:   0/22          EV:  2    Int: 16    God:    Xom [..*...]
Gold: 5111          SH:  0    Dex: 19    Spells: 21/21 levels left

rFire   + + +      SeeInvis .   a - +9 demon trident (pain)
rCold   + . .      Faith    .   z - +1 kite shield {rF+}
rNeg    . . .      Spirit   +   H - +5 plate armour {rPois}
rPois   +          Reflect  +   l - +2 helmet "Celos" {rF+ rC+}
rElec   .          Harm     .   w - +2 cloak {rCorr}
rCorr   +          Rampage  .   (gloves unavailable)
Will    ++...                   h - +2 pair of boots {Fly}
Stlth   ..........              e - amulet of reflection
HPRegen 0.37/turn               Y - +4 ring of slaying
MPRegen 0.36/turn               W - ring of willpower

@: paralysed, mighty, agile, flying, studying Unarmed Combat, heavily drained,
unable to read
A: repulsion field 2, powered by pain 3, magic shield, magic regeneration,
demonic touch 3, agile 1, fire resistance 1, mutation resistance 2, robust 1,
strong 2, inability to read while threatened, MP-powered wands, sturdy frame 1
}: 2/15 runes: decaying, gossamer
a: Renounce Religion


You were on level 5 of the Vaults.
You worshipped Xom.
You were a toy of Xom.
You visited 8 branches of the dungeon, and saw 42 of its levels.
You visited the Abyss 1 time.

You collected 6397 gold pieces.
You spent 1286 gold pieces at shops.


Innate Abilities, Weirdness & Mutations

You are surrounded by a moderate repulsion field. (EV +3)
You are powered by pain.
When hurt, damage is shared between your health and your magic reserves.
You regenerate magic rapidly.
Your touch may irresistibly damage your foes and sap their willpower.
You are agile. (Dex +2)
Your flesh is heat resistant. (rF+)
You are somewhat resistant to both further mutation and mutation removal.
You are robust. (+10% HP)
Your muscles are very strong. (Str +4)
You sometimes lose the ability to read scrolls when taking damage.
You expend magic power (3 MP) to strengthen your wands.
Your movements are slightly less encumbered by armour. (ER -2)


   Skills:
 + Level 21.6 Fighting
 - Level 14.0 Polearms
 + Level 20.4 Armour
 - Level 4.6 Dodging
 - Level 15.0 Shields
 - Level 13.5 Necromancy
 - Level 15.8 Evocations


You had 21 spell levels left.
You didn't know any spells.
Your spell library contained the following spells:

 Spells                   Type           Power      Damage    Failure   Level
 Animate Skeleton         Necr           86%        N/A       1%          1
 Pain                     Necr           100%       1d9       1%          1
 Vampiric Draining        Necr           43%        2d9       1%          3
 Corpse Rot               Necr/Air       42%        N/A       12%         2
 Agony                    Necr           43%        N/A       13%         5
 Excruciating Wounds      Necr           21%        N/A       13%         5
 Apportation              Tloc           0%         N/A       77%         1
 Sandblast                Erth           0%         2d4       77%         1
 Shock                    Conj/Air       0%         1d3       77%         1
 Slow                     Hex            0%         N/A       77%         1
 Summon Small Mammal      Summ           0%         N/A       77%         1
 Blink                    Tloc           0%         N/A       88%         2
 Ensorcelled Hibernation  Hex/Ice        0%         N/A       88%         2
 Passwall                 Tmut/Erth      0%         N/A       88%         2
 Poisonous Vapours        Pois/Air       0%         N/A       88%         2
 Scorch                   Fire           0%         2d5       88%         2
 Borgnjor's Vile Clutch   Necr/Erth      10%        N/A       91%         5
 Call Canine Familiar     Summ           0%         N/A       98%         3
 Confusing Touch          Hex            0%         N/A       98%         3
 Dazzling Flash           Conj/Hex       0%         N/A       98%         3
 Frozen Ramparts          Ice            0%         1d2       98%         3
 Gell's Gravitas          Tloc           0%         N/A       98%         3
 Inner Flame              Hex/Fire       0%         N/A       98%         3
 Lesser Beckoning         Tloc           0%         N/A       98%         3
 Mephitic Cloud           Conj/Pois/Air  0%         N/A       98%         3
 Ozocubu's Armour         Ice            0%         N/A       98%         3
 Portal Projectile        Hex/Tloc       0%         N/A       98%         3
 Stone Arrow              Conj/Erth      0%         3d7       98%         3
 Swiftness                Air            0%         N/A       98%         3
 Teleport Other           Tloc           0%         N/A       98%         3
 Tukima's Dance           Hex            0%         N/A       98%         3
 Airstrike                Air            0%         N/A       100%        4
 Animate Armour           Summ/Erth      0%         N/A       100%        4
 Cause Fear               Hex            0%         N/A       100%        4
 Flame Wave               Conj/Fire      0%         3d3       100%        4
 Fulminant Prism          Conj/Hex       0%         3d6       100%        4
 Ice Form                 Ice/Tmut       0%         N/A       100%        4
 Iskenderun's Mystic Bla  Conj/Tloc      0%         2d3       100%        4
 Leda's Liquefaction      Hex/Erth       0%         N/A       100%        4
 Passage of Golubria      Tloc           0%         N/A       100%        4
 Summon Ice Beast         Ice/Summ       0%         N/A       100%        4
 Summon Lightning Spire   Summ/Air       0%         N/A       100%        4
 Alistair's Intoxication  Tmut/Pois      0%         N/A       100%        5
 Blade Hands              Tmut           0%         N/A       100%        5
 Fireball                 Conj/Fire      0%         3d3       100%        5
 Iskenderun's Battlesphe  Conj           0%         2d6       100%        5
 Lee's Rapid Deconstruct  Erth           0%         3d5*      100%        5
 Lightning Bolt           Conj/Air       0%         1d11      100%        5
 Manifold Assault         Tloc           0%         N/A       100%        5
 Metabolic Englaciation   Hex/Ice        0%         N/A       100%        5
 Silence                  Hex/Air        0%         N/A       100%        5
 Summon Forest            Summ/Tloc      0%         N/A       100%        5
 Yara's Violent Unravell  Hex/Tmut       0%         3d3       100%        5
 Conjure Ball Lightning   Conj/Air       0%         3x3d6     100%        6
 Dispersal                Tloc           0%         N/A       100%        6
 Eringya's Noxious Bog    Tmut/Pois      0%         N/A       100%        6
 Simulacrum               Ice/Necr       10%        N/A       100%        6
 Starburst                Conj/Fire      0%         6d3       100%        6
 Statue Form              Tmut/Erth      0%         N/A       100%        6
 Summon Cactus Giant      Summ           0%         N/A       100%        6
 Dragon Form              Tmut           0%         N/A       100%        7
 Orb of Destruction       Conj           0%         N/A       100%        7
 Spellforged Servitor     Conj/Summ      0%         N/A       100%        7
 Storm Form               Tmut/Air       0%         N/A       100%        7
 Summon Hydra             Summ           0%         N/A       100%        7
 Discord                  Hex            0%         N/A       100%        8
 Disjunction              Tloc           0%         N/A       100%        8
 Ignition                 Fire           0%         3d3       100%        8
 Lehudib's Crystal Spear  Conj/Erth      0%         10d2      100%        8
 Maxwell's Capacitive Co  Air            0%         ∞         100%        8
 Dragon's Call            Summ           0%         N/A       100%        9

Inventory:

Hand Weapons
 a - a +9 demon trident of pain (weapon)
 b - a +5 demon trident of electrocution
Missiles
 q - 9 throwing nets (quivered) {=f}
 V - 11 atropa-tipped darts
Armour
 h - a +2 pair of boots of flying (worn)
 l - the +2 helmet "Celos" (worn) {rF+ rC+}
   (You found it on level 1 of the Vaults)

   rF:        It protects you from fire.
   rC:        It protects you from cold.
 w - a +2 cloak of preservation (worn)
 z - a +1 kite shield of fire resistance (worn)
 H - a +5 plate armour of poison resistance (worn)
 L - a +1 cloak of poison resistance
 U - a +2 crystal plate armour
Jewellery
 e - an amulet of reflection (around neck)
 f - a ring of protection from fire
 j - an amulet of faith {!P}
 v - a ring of see invisible
 K - the ring "Daifal" {Fire Str+4}
   (You found it on level 6 of the Lair of Beasts)

   [ring of fire]

   It enhances your fire magic.
   Str:       It affects your strength (+4).
   rF:        It protects you from fire.
   rC:        It makes you vulnerable to cold.
 R - a ring of resist corrosion
 W - a ring of willpower (right hand)
 Y - a +4 ring of slaying (left hand)
 Z - a ring of wizardry
Wands
 i - a wand of paralysis (44)
 m - a wand of mindburst (20)
 p - a wand of polymorph (15)
 y - a wand of acid (32)
 A - a wand of charming (20)
 B - a wand of iceblast (48)
 P - a wand of flame (91)
 Q - a wand of digging (11)
Scrolls
 n - a scroll of fear
 x - 3 scrolls of fog
 D - 4 scrolls of torment
 E - 3 scrolls of brand weapon
 F - a scroll of blinking
 I - 22 scrolls of identify {@r1}
 S - 3 scrolls of amnesia
 T - 5 scrolls of enchant armour
 X - a scroll of immolation
Potions
 g - 6 potions of curing {@q1}
 k - 5 potions of brilliance
 o - 5 potions of ambrosia
 r - 7 potions of flight
 C - 5 potions of attraction
 J - 2 potions of heal wounds {@q2}
 N - 2 potions of mutation
 O - 3 potions of invisibility
Miscellaneous
 d - a box of beasts
 s - a lightning rod (4/4)
 u - a phantom mirror
 G - a condenser vane (inert)
 M - a phial of floods

Dungeon Overview and Level Annotations

Branches:
Dungeon (15/15)            Temple (0/1) D:5            Lair (6/6) D:11
  Swamp (4/4) Lair:2       Spider (4/4) Lair:2        Slime (0/5) Lair:5
    Orc (2/2) D:11            Elf (3/3) Orc:2        Vaults (5/5) D:14
  Crypt (0/3) Vaults:3     Depths (3/4) D:15

Altars:
Elyvilon
Fedhas
Gozag
Kikubaaqudgha
Ru
Trog
Vehumet
Wu Jian
Xom
Yredelemnul
The Shining One

Shops:
D:10 [   D:13 (   Orc:2 *=!(   Vaults:2 !   Vaults:3 [

Portals:
Hell: Depths:1 Depths:2 Depths:3
Abyss: Depths:1 Depths:2
Pandemonium: Orc:2 Depths:1 Depths:2
Ziggurat: Depths:1

Annotations:
D:3 1 runed translucent door, exclusion: statue, Crazy Yiuf
D:7 1 runed translucent door, Dittersdorf's ghost, novice GrFi
D:14 2 transporters, Iwetad's ghost, journeyman MiDe; Mostra's ghost, journeyman DjFE
D:15 Roxanne
Lair:6 exclusion: door
Orc:1 2 transporters
Elf:2 3 runed translucent doors
Elf:3 3 runed translucent doors, exclusions: obsidian statue and 1 more exclusion, frimble's ghost, adept TrWr
Vaults:1 3 runed translucent doors
Vaults:2 1 runed translucent door, Fumalo's ghost, veteran MiBe

▓....▓▓▓▓▓▓▓▓▓▓▓▓▓
▓.................
▓..▓.[▓▓.▓▓▓.▓▓▓.▓
▓..▓.▓▓▓.▓ ▓.▓ ▓.▓
▓..▓.▓▓▓.▓▓▓.▓▓▓)▓
▓Cp▓..............
▓.2▓.▓▓▓..▓▓▓▓▓▓.▓
▓{1▓.▓ ▓.▓▓ ....
▓@.▓.▓▓▓.▓ ▓▓▓▓▓
▓†.▓.)...▓
▓..▓.▓▓▓.▓ ∆
▓..▓.▓ ▓.▓ ∆
▓..▓.▓▓▓.▓
▓..▓.....▓
▓..▓.▓▓▓.▓..▓▓▓▓▓▓
▓..▓.▓ ▓.▓▓......)
▓..▓.▓▓▓..▓▓▓▓▓▓.▓


You could see a titan, a Tzitzimitl (summoned), a vault sentinel (catching
breath) and a hellion (summoned).


Message History

You hear a shout! x3
You hear some strange, mumbled words.
Something tries to affect you, but you resist.
The titan waves its arms in wide circles.
The air twists around and strikes you.
* * * LOW HITPOINT WARNING * * *
The Tzitzimitl engulfs you but does no damage.
The Tzitzimitl bites you.
* * * LOW HITPOINT WARNING * * *
Something completely misses you.
Something touches you but does no damage.
The Tzitzimitl calls on the powers of darkness!
Your body is wracked with pain!
* * * LOW HITPOINT WARNING * * *
The vault sentinel convulses!
The titan convulses!
Something completely misses you.
The Tzitzimitl engulfs you but does no damage.
The Tzitzimitl barely misses you.
You hear some strange, mumbled words.
Something tries to affect you, but you resist.
The vault sentinel blows a loud note on a signal horn!
Something touches you but does no damage.
The Tzitzimitl engulfs you but does no damage.
The Tzitzimitl bites you but does no damage.
You hear a shout! x6
Something touches you but does no damage.
The Tzitzimitl gestures at you. The bolt of negative energy hits you!!!
You feel drained.
You die...
Xom howls with laughter!

Skill      XL: |  1  2  3  4  5  6  7  8  9 10 11 12 13 14 15 16 17 18 19 20 21 |
---------------+----------------------------------------------------------------+-----
Polearms       | 3 4 5 6 8 9 10 13 14 | 14.0
Armour         | 2 3 4 5 7 8 10 11 12 13 14 16 17 18 20 | 20.4
Necromancy     | 4 7 9 10 12 13 | 13.5
Fighting       | 5 8 10 12 14 16 18 19 21 | 21.6
Shields        | 4 5 10 15 | 15.0
Evocations     | 4 7 10 14 15 | 15.8
Dodging        | 3 4 |  4.6

Action                   |  1- 3 |  4- 6 |  7- 9 | 10-12 | 13-15 | 16-18 | 19-21 | 22-24 || total
-------------------------+-------+-------+-------+-------+-------+-------+-------+-------++-------
Melee: Spear             |   138 |   145 |   793 |   668 |       |       |       |       ||  1744
       Touch             |       |     4 |   130 |   158 |    15 |       |       |       ||   307
       Demon trident     |       |       |       |   334 |  1530 |  2215 |  2218 |   153 ||  6450
Throw: Dart              |       |     3 |       |       |       |       |       |       ||     3
Evoke: Wand              |       |       |     5 |    13 |    10 |    26 |     7 |       ||    61
       Condenser vane    |       |       |       |       |       |     4 |     4 |     1 ||     9
       Phantom mirror    |       |       |       |       |       |     3 |     3 |       ||     6
  Use: Potion            |     1 |     2 |     4 |     2 |    18 |    29 |    13 |     3 ||    72
       Scroll            |       |     5 |    10 |    18 |    11 |    23 |    15 |     3 ||    85
 Stab: Petrifying        |     1 |       |       |       |       |       |     2 |       ||     3
       Sleeping          |     1 |       |     1 |       |       |       |     1 |       ||     3
       Petrified         |       |     4 |       |       |       |       |     2 |       ||     6
       Confused          |       |     2 |       |       |     3 |    12 |     8 |     4 ||    29
       Distracted        |       |       |     2 |     1 |     1 |     3 |     3 |       ||    10
       Invisible         |       |       |       |     3 |     7 |       |     3 |     2 ||    15
       Paralysed         |       |       |       |    27 |     5 |    24 |     3 |       ||    59
       Fleeing           |       |       |       |       |     1 |       |       |       ||     1
       Held in net/web   |       |       |       |       |       |     1 |       |       ||     1
Armor: Leather armour    |    34 |    18 |       |       |       |       |       |       ||    52
       Plate armour      |       |    25 |   537 |   387 |   463 |   923 |   400 |    40 ||  2775
Dodge: Dodged            |    63 |    28 |   155 |   202 |   376 |   503 |   332 |    32 ||  1691
Block: Other             |       |       |    51 |   112 |    15 |       |       |       ||   178
       Reflection        |       |       |       |     9 |    17 |    31 |    61 |     2 ||   120
       Buckler           |       |       |       |       |   482 |    76 |       |       ||   558
       Kite shield       |       |       |       |       |       |  1272 |  1029 |    71 ||  2372

Levels and vault maps discovered:
D:1:      dpeg_arrival_stone_temple_mockup, layout_basic, hex_large
D:2:      cheibrodos_pilgrimage, layout_rooms, minmay_tiny_reverse_x
D:3:      minmay_angry_zag, layout_loops_ring, vehumet_statue, uniq_grinder,
          uniq_crazy_yiuf_cottage, uniq_terence
D:4:      layout_rooms, grunt_temple_overflow_open, uniq_menkaure, uniq_ijyb
D:5:      layout_cave_pools, minmay_temple_entry_hall, serial_gnoll_camp,
          gnoll_camp_mini_hut, gnoll_camp_medium_01, gnoll_camp_mini_sergeant,
          grums_kennel, minmay_misc_feat_more_columns, uniq_eustachio
D:6:      layout_rooms, serial_corexii_hall, corexii_hall_statues_s,
          chequers_hall_statues_y, corexii_hall_statues_i,
          corexii_hall_statues_deadend
D:7:      layout_cave_pods, pdpol_wu_jian_five_deadly_venoms,
          hellmonk_ghost_happy_afterlife
D:8:      layout_loops_corners, nicolae_ru_path_of_blood, minmay_bent,
          uniq_harold
D:9:      layout_rooms
D:10:     layout_roguey, serial_shops, shop_fountains, serial_park_tiny_2,
          uniq_urug
D:11:     layout_irregular_city, lair_entry_dummy, kiku_gazebo_garden_becter,
          uniq_grum
D:12:     layout_roguey
D:13:     layout_long_grid, serial_shops, nicolae_shop_waterfront, uniq_nessos
D:14:     layout_loops_cross, david_vaults_2, nzn_ghost_randoct,
          serial_bayou_pond_d, uniq_snorg
D:15:     grunt_enter_depths_magical_seal, layout_gridville, uniq_roxanne,
          uniq_azrael, uniq_rupert
Lair:1:   layout_hall_layers, amcnicky_mini_pool_medium, uniq_maggie, uniq_erica
Lair:2:   layout_cellular_growth, swamp_mist, spider_nest_entry_rubble,
          serial_bayou_shore_a, infiniplex_staircase_pool_2, grunt_megastairs_1,
          lemuel_fruit_fields, serial_bayou_shore_b, lemuel_fruit_tree
Lair:3:   layout_chaotic_city, grunt_forest_small_clearing_treed,
          infiniplex_staircase_pool, lemuel_fruit_fields, uniq_gastronok
Lair:4:   layout_gridlike, uniq_kirke, uniq_josephine
Lair:5:   layout_small_grid, nicolae_slime_entry_slimehenge,
          minmay_shattered_shrine, lemuel_fruit_fields
Lair:6:   minmay_lair_end_frog_pond, layout_loops_ring, gammafunk_ghost_icy,
          columned_hall_lemuel, eino_house_with_fridge
Swamp:1:  layout_basic_swamp, serial_swamp_ruin, evilmike_swamp_ruin_rubble_2,
          evilmike_swamp_ruin_house_4
Swamp:2:  layout_basic_swamp, evilmike_swamp_ruin_house_1
Swamp:3:  layout_basic_swamp, nicolae_swamp_dense_foliage, uniq_bai_suzhen,
          uniq_mlioglotl, uniq_nikola, uniq_jorgrun
Swamp:4:  byrel_swamp_growth_death_and_undeath, layout_basic_swamp,
          portal_ice_cave_entry_pillars_four, swamp_pool2,
          grunt_lady_of_the_lake
Spider:1: layout_spider_delve, nicolae_spider_orb_run, uniq_donald, uniq_louise
Spider:2: layout_spider_delve
Spider:3: layout_spider_delve
Spider:4: grunt_spider_rune_circles, gammafunk_ghost_grave
Orc:1:    gammafunk_beogh_shrine, layout_caves, minmay_orc_keep
Orc:2:    pf_orc_diabolical, layout_caves, basic_altar, uniq_saint_roka
Elf:1:    eino_elf_arrival_altar, layout_geoelf_octagon,
          hangedman_elf_represent, hangedman_decor_cross_pass
Elf:2:    elven_hall_of_blades_hangedman_original [nicolae_blade_lattice],
          layout_loops_ring
Elf:3:    elf_hall, layout_gridlike, ebering_ghost_gozag
Vaults:1: gammafunk_ghost_cemetery, vaults_mumra_chevron_long, v_misc_24,
          dpeg_vaults_monster_box, v_rooms_6, nicolae_vaults_network_quincunx
          [nicolae_vaults_network_quincunx_subvault,
          nicolae_vaults_network_quincunx_subvault,
          nicolae_vaults_network_quincunx_subvault,
          nicolae_vaults_network_quincunx_subvault,
          nicolae_vaults_network_quincunx_subvault],
          nicolae_vaults_hallways_thing, nicolae_vaults_big_ls, st_spiral_rooms,
          ontoclasm_vaults_eye, grunt_vaults_funnel,
          ontoclasm_vaults_decontamination, layout_vaults_omnibox
Vaults:2: ebering_ghost_reflecting_pool, nicolae_vaults_border_crossing,
          vaults_standard_mumra_x, nicolae_vaults_mini_display_case,
          v_pattern_3, ontoclasm_vaults_gateway, hangedman_vaults_impose,
          ontoclasm_vaults_hangar, nicolae_vaults_ring_of_whatevers,
          v_alt_pattern_5, v_misc_22, v_misc_27,
          nicolae_vaults_little_squares_5, layout_vaults_ring, serial_shops,
          shop
Vaults:3: v_alt_pattern_2, vaults_room_pools, v_misc_23, v_misc_30,
          nicolae_vaults_little_squares_3, nicolae_vaults_specimen_jars,
          minmay_crypt_entry_simple_box, ontoclasm_vaults_shuriken,
          layout_vaults_omnigrid, serial_shops, shop
Vaults:4: nicolae_vaults_little_squares_5, v_misc_31, v_misc_33, v_rooms_4,
          hangedman_vaults_hard_town_square,
          vaults_standard_mumra_enter_the_diamond, ontoclasm_vaults_pinch,
          hangedman_vaults_trim, v_misc_30, v_misc_8, vaults_room_semicircle,
          layout_vaults_omnicross
Vaults:5: serial_shops
Depths:1: kennysheep_ambush_hall, layout_gridlike, enter_ziggurat_f,
          nicolae_tso_swordbearing_angel, abyss_entry, hell_entry,
          rand_demon_pan_entry_7, minmay_door_square, kennysheep_small_circle
Depths:2: minmay_containers, layout_gridville, hellmouth_1, abyss_entry_crystal,
          nicolae_elyvilon_peaceful_grove, grunt_pan_entry_sceptre,
          serial_bayou_shore_b, minmay_staircase_statues, firewood_loft,
          serial_bayou_shore_b
Depths:3: abrahamwl_protected_by_tso_1, layout_long_grid, abyss_entry,
          hellmouth_3, minmay_misc_feat_roman, serial_bayou_shore_b,
          infiniplex_staircase_pool_lava

Notes
Turn   | Place    | Note
-------+----------+-------------------------------------------
     0 | D:1      | demibob the Demonspawn Chaos Knight began the quest for the
                  | Orb.
     0 | D:1      | Reached XP level 1. HP: 18/18 MP: 1/1
    52 | D:1      | Reached skill level 3 in Polearms
   120 | D:1      | Gained mutation: You regenerate magic rapidly. [demonic
                  | ancestry]
   120 | D:1      | Reached XP level 2. HP: 18/24 MP: 2/2
   636 | D:1      | XOM: silly message
   811 | D:1      | XOM: god gift: +3 plate armour of poison resistance
   836 | D:1      | XOM: scenery: summon butterflies
   889 | D:2      | XOM: blink monster(s)
   890 | D:2      | Reached XP level 3. HP: 27/29 MP: 3/3
   972 | D:2      | Reached skill level 2 in Armour
  1141 | D:2      | XOM: give mutation
  1141 | D:2      | Gained mutation: Your spells are a little harder to cast,
                  | but a little more powerful. [Xom's grace]
  1183 | D:2      | Reached skill level 4 in Polearms
  1183 | D:2      | Reached XP level 4. HP: 25/35 MP: 4/4
  1375 | D:2      | XOM: butterfly on damage
  1608 | D:2      | XOM: give mutations
  1608 | D:2      | Gained mutation: You passively dampen the noise of your
                  | surroundings. [Xom's grace]
  1608 | D:2      | Gained mutation: You are agile. (Dex +2) [Xom's grace]
  1608 | D:2      | Gained mutation: Your spells are harder to cast, but more
                  | powerful. [Xom's grace]
  1608 | D:2      | Gained mutation: You are very agile. (Dex +4) [Xom's grace]
  1655 | D:2      | Reached skill level 3 in Armour
  1932 | D:3      | Noticed an ogre
  1933 | D:3      | XOM: god gift: Great Wizards, Vol. VII
  1938 | D:3      | XOM: butterfly on damage
  1947 | D:3      | Killed an ogre
  1948 | D:3      | Gained mutation: Your touch may inflict minor irresistible
                  | damage on your foes. [demonic ancestry]
  1948 | D:3      | Reached XP level 5. HP: 26/41 MP: 5/5
  2082 | D:3      | XOM: god gift: 18 gold pieces
  2178 | D:3      | Found a runed translucent door.
  2179 | D:3      | Noticed Crazy Yiuf
  2310 | D:3      | Reached skill level 5 in Polearms
  2331 | D:3      | Noticed Terence
  2336 | D:3      | XOM: stat loss: -1 Int (10/14)
  2340 | D:3      | Noticed Grinder
  2355 | D:3      | Paralysed by Grinder for 6 turns
  2363 | D:3      | Paralysed by Grinder for 2 turns
  2559 | D:3      | XOM: enchant monster (good)
  2793 | D:3      | Killed Grinder
  2794 | D:3      | Reached skill level 4 in Armour
  2794 | D:3      | Gained mutation: You sometimes gain a little power by
                  | taking damage. [demonic ancestry]
  2794 | D:3      | Reached XP level 6. HP: 28/47 MP: 6/6
  2922 | D:3      | XOM: cast spell 'Monstrous Menagerie'
  2924 | D:3      | Killed Terence
  3194 | D:3      | Identified a scroll of acquirement
  3194 | D:3      | Acquired a +2 pair of boots of flying
  3322 | D:3      | Found a radiant altar of Vehumet.
  3506 | D:4      | Noticed an ice beast
  3508 | D:4      | XOM: scenery: create altars
  3515 | D:3      | Killed an ice beast
  3516 | D:3      | Gained mutation: When hurt, damage is shared between your
                  | health and your magic reserves. [demonic ancestry]
  3516 | D:3      | Reached XP level 7. HP: 37/52 MP: 7/7
  3610 | D:4      | Reached skill level 6 in Polearms
  3610 | D:4      | Reached skill level 5 in Armour
  3677 | D:4      | Noticed Menkaure
  3777 | D:3      | XOM: cloud trail
  3912 | D:4      | Killed Menkaure
  4175 | D:4      | Found a blossoming altar of Fedhas.
  4175 | D:4      | Found a shimmering altar of Xom.
  4175 | D:4      | Noticed Ijyb
  4175 | D:4      | XOM: 5-stop teleportation journey
  4176 | D:4      | Noticed Ijyb
  4176 | D:4      | Ijyb changed into Ijyb the glowing shapeshifter
  4176 | D:4      | Noticed Ijyb
  4176 | D:4      | Ijyb the glowing shapeshifter changed into Ijyb the dream
                  | sheep
  4179 | D:4      | Killed Ijyb the dream sheep
  4180 | D:4      | Gained mutation: You sometimes gain power by taking damage.
                  | [demonic ancestry]
  4180 | D:4      | Reached XP level 8. HP: 51/58 MP: 6/8
  4245 | D:4      | Reached skill level 6 in Armour
  4363 | D:5      | Entered Level 5 of the Dungeon
  4381 | D:5      | Lost mutation: You are very agile. (Dex +4) [potion of
                  | mutation]
  4381 | D:5      | Lost mutation: Your spells are harder to cast, but more
                  | powerful. [potion of mutation]
  4381 | D:5      | Gained mutation: Your spells are harder to cast, but more
                  | powerful. [potion of mutation]
  4387 | D:5      | Reached skill level 7 in Polearms
  4404 | D:5      | Noticed Eustachio
  4507 | D:5      | XOM: silly message
  4545 | D:5      | XOM: enchant monster (good)
  4562 | D:5      | XOM: summons friendly iron imp
  4741 | D:5      | Reached skill level 7 in Armour
  4842 | D:5      | Identified the +4 ring mail of the Immovable People {Regen+
                  | Dex+7}
  4859 | D:5      | XOM: scenery: create altars
  4867 | D:5      | XOM: enchant monster (bad)
  4871 | D:5      | XOM: potion effect (brilliance)
  4873 | D:5      | Reached skill level 8 in Polearms
  4877 | D:5      | XOM: summons 2 friendly demons
  4892 | D:5      | XOM: scenery: create altars
  4898 | D:5      | XOM: divination: detect items
  4914 | D:5      | Lost mutation: You are agile. (Dex +2) [potion of mutation]
  4914 | D:5      | Lost mutation: Your spells are harder to cast, but more
                  | powerful. [potion of mutation]
  4914 | D:5      | Gained mutation: You passively map a small area around you.
                  | [potion of mutation]
  4914 | D:5      | Gained mutation: Your flesh is heat resistant. (rF+)
                  | [potion of mutation]
  4924 | D:5      | Killed Eustachio
  5105 | D:5      | XOM: give mutations
  5105 | D:5      | Gained mutation: Your system is resistant to poisons.
                  | (rPois) [Xom's grace]
  5105 | D:5      | Gained mutation: You expend magic power (3 MP) to
                  | strengthen your wands. [Xom's grace]
  5105 | D:5      | Gained mutation: You possess an exceptional clarity of
                  | mind. [Xom's grace]
  5169 | D:5      | XOM: 4-stop teleportation journey
  5260 | D:5      | XOM: god gift: 15 sling bullets
  5268 | D:5      | XOM: god gift: amulet of reflection
  5272 | D:5      | Gained mutation: You are surrounded by a mild repulsion
                  | field. (EV +2) [demonic ancestry]
  5272 | D:5      | Reached XP level 9. HP: 63/63 MP: 9/9
  5316 | D:5      | Noticed Grum
  5322 | D:5      | XOM: summons 9 friendly demons
  5334 | D:5      | Killed Grum
  5429 | D:5      | XOM: summons 3 friendly demons
  5560 | D:5      | XOM: confuse monster(s)
  5578 | D:5      | Reached skill level 8 in Armour
  5627 | D:5      | Identified the +6 hand axe "Reedal" {venom, *Rage +Blink
                  | rElec rN++}
  5848 | D:5      | Reached skill level 1 in Necromancy
  5934 | D:5      | Found a staircase to the Ecumenical Temple.
  6177 | D:6      | XOM: noise
  6188 | D:6      | Reached skill level 2 in Necromancy
  6201 | D:6      | XOM: cast spell 'Leda's Liquefaction'
  6221 | D:6      | Reached skill level 9 in Polearms
  6250 | D:6      | XOM: 2-stop teleportation journey
  6415 | D:6      | XOM: divination: detect creatures
  6418 | D:6      | XOM: silly message
  6616 | D:6      | Reached skill level 3 in Necromancy
  6927 | D:7      | XOM: polymorph bullfrog -> hound
  7033 | D:7      | Noticed Dittersdorf's ghost (novice GrFi)
  7036 | D:7      | Found a runed translucent door.
  7044 | D:7      | XOM: summons friendly quasit
  7144 | D:7      | Reached skill level 4 in Necromancy
  7316 | D:7      | XOM: silly message
  7351 | D:7      | XOM: summons friendly shadow imp
  7355 | D:7      | XOM: scenery: create altars
  7498 | D:7      | Identified the +6 scale mail of a Gauntlet {Int+5 Dex-4
                  | SInv}
  7560 | D:7      | XOM: blink monster(s)
  7568 | D:7      | Reached XP level 10. HP: 61/70 MP: 8/10
  7657 | D:7      | XOM: god gift: shiny bronze wand {god gift}
  7688 | D:7      | Reached skill level 9 in Armour
  7719 | D:7      | XOM: god gift: 26 gold pieces
  7728 | D:7      | Found an ornate altar of the Wu Jian Council.
  7925 | D:7      | Noticed a two-headed ogre
  7933 | D:7      | Killed a two-headed ogre
  7934 | D:7      | Reached skill level 5 in Necromancy
  8447 | D:8      | Noticed Harold
  8467 | D:8      | XOM: potion effect (might)
  8469 | D:8      | Noticed Harold
  8469 | D:8      | Harold changed into Harold the moth of wrath
  8469 | D:8      | XOM: polymorph Harold -> Harold the moth of wrath
  8470 | D:8      | Killed Harold the moth of wrath
  8471 | D:8      | Reached skill level 10 in Polearms
  8528 | D:8      | XOM: god gift: 19 stones
  8585 | D:8      | XOM: 4-stop teleportation journey
  8743 | D:8      | XOM: silly message
  8851 | D:8      | Found a sacrificial altar of Ru.
  8851 | D:8      | XOM: 4-stop teleportation journey
  9005 | D:8      | Reached skill level 6 in Necromancy
  9099 | D:8      | XOM: 6-stop teleportation journey
  9155 | D:8      | XOM: summons 3 friendly demons
  9219 | D:8      | XOM: enchant monster (good)
  9255 | D:8      | XOM: cleaving
  9839 | D:9      | XOM: give mutations
  9839 | D:9      | Lost mutation: Your spells are a little harder to cast, but
                  | a little more powerful. [Xom's mischief]
  9839 | D:9      | Gained mutation: You are weak. (Str -2) [Xom's mischief]
  9839 | D:9      | Lost mutation: You possess an exceptional clarity of mind.
                  | [Xom's mischief]
  9853 | D:9      | XOM: smoke on damage
  9856 | D:9      | Noticed a black mamba
  9856 | D:9      | a hornet changed into a black mamba
  9856 | D:9      | XOM: polymorph hornet -> black mamba
  9868 | D:9      | XOM: 1-stop teleportation journey
  9876 | D:9      | XOM: torment (34/70 hp)
  9880 | D:9      | XOM: swap monsters
 10114 | D:9      | Identified the +0 long sword of Impermanence {holy, rF-
                  | Str+9 Int-4 Dex+6}
 10232 | D:9      | Paralysed by an orc for 7 turns
 10238 | D:9      | XOM: polymorph orc -> river rat
 10241 | D:9      | XOM: polymorph orc warrior -> black bear
 10255 | D:9      | Reached skill level 10 in Armour
 10267 | D:9      | XOM: summons 2 friendly demons
 10273 | D:9      | Reached skill level 7 in Necromancy
 10293 | D:9      | XOM: destruction
 10296 | D:9      | XOM: chaos cloud
 10306 | D:9      | Paralysed by you for 6 turns
 10324 | D:9      | XOM: summons 1 hostile shadow creature
 10325 | D:9      | XOM: blink monster(s)
 10667 | D:8      | XOM: chaos cloud
 10686 | D:8      | Reached XP level 11. HP: 75/75 MP: 11/11
 10805 | D:9      | XOM: god gift: 724 gold pieces
 11124 | D:9      | XOM: summons 2 hostile shadow creatures
 11349 | D:9      | Noticed a two-headed ogre
 11366 | D:9      | Killed a two-headed ogre
 11381 | D:9      | XOM: summons 3 hostile shadow creatures
 11382 | D:9      | Noticed a two-headed ogre
 11671 | D:10     | Entered Level 10 of the Dungeon
 11671 | D:10     | Noticed Urug
 11683 | D:10     | Killed Urug
 11684 | D:10     | Reached skill level 11 in Polearms
 11684 | D:10     | Reached skill level 8 in Necromancy
 11722 | D:10     | Noticed a two-headed ogre
 11724 | D:10     | XOM: cleaving
 11728 | D:10     | Killed a two-headed ogre
 11913 | D:10     | Found Ilamucvi's Antique Armour Emporium.
 11920 | D:10     | XOM: chaos upgrade
 11939 | D:10     | XOM: torment (44/75 hp)
 12070 | D:10     | XOM: cloud trail
 12223 | D:10     | Noticed a sixfirhy
 12239 | D:10     | Reached skill level 9 in Necromancy
 12296 | D:10     | Bought a steaming ring mail for 207 gold pieces
 12296 | D:10     | Identified the +2 ring mail of the Orb {Harm rPois Dex+4}
                  | (You bought it in a shop on level 10 of the Dungeon)
 12628 | D:11     | XOM: cleaving
 12698 | D:11     | Found a staircase to the Lair.
 12699 | D:11     | Found an ancient bone altar of Kikubaaqudgha.
 12799 | D:11     | Noticed a four-headed hydra
 12805 | D:11     | Killed a four-headed hydra
 12806 | D:11     | Reached skill level 12 in Polearms
 12895 | D:11     | Noticed a two-headed ogre
 12901 | D:11     | Killed a two-headed ogre
 12966 | D:11     | XOM: fake destruction
 13004 | D:11     | XOM: give mutation
 13004 | D:11     | Lost mutation: You are weak. (Str -2) [Xom's grace]
 13008 | D:11     | Found a staircase to the Orcish Mines.
 13041 | D:11     | XOM: scenery: summon butterflies
 13053 | D:11     | Noticed a skeletal warrior
 13057 | D:11     | XOM: scenery: 1 doors open
 13063 | D:11     | XOM: noise
 13067 | D:11     | Killed a skeletal warrior
 13083 | D:11     | XOM: cloud trail
 13142 | D:11     | XOM: give mutation
 13142 | D:11     | Gained mutation: You are robust. (+10% HP) [Xom's grace]
 13199 | D:11     | Noticed a death knight
 13272 | Lair:1   | Entered Level 1 of the Lair of Beasts
 13278 | Lair:1   | XOM: summons 11 friendly demons
 13334 | Lair:1   | Reached skill level 13 in Polearms
 13334 | Lair:1   | Gained mutation: You are surrounded by a moderate repulsion
                  | field. (EV +3) [demonic ancestry]
 13334 | Lair:1   | Reached XP level 12. HP: 88/89 MP: 12/12
 13384 | Lair:1   | Noticed Maggie
 13434 | Lair:1   | Killed Maggie
 13682 | Lair:1   | Noticed a six-headed hydra
 13682 | Lair:1   | XOM: 7-stop teleportation journey
 13683 | Lair:1   | XOM: cleaving
 13688 | Lair:1   | Killed a six-headed hydra
 13745 | Lair:1   | XOM: enchant monster (good)
 13785 | Lair:1   | Noticed Erica
 13797 | Lair:1   | Killed Erica
 13798 | Lair:1   | Reached skill level 14 in Polearms
 13908 | Lair:1   | XOM: polymorph black mamba -> meliai
 13939 | Lair:1   | XOM: give mutation
 13939 | Lair:1   | Gained mutation: You have large cloven feet. [Xom's grace]
 14006 | Lair:1   | XOM: summons 3 friendly demons
 14283 | Lair:1   | XOM: god gift: scroll of brand weapon
 14344 | Lair:2   | XOM: noise
 14361 | Lair:2   | Identified the +11 scythe of the Last Youths {venom, rPois
                  | Str+2}
 14394 | Lair:2   | Found a hole to the Spider Nest.
 14398 | Lair:2   | Reached skill level 4 in Fighting
 14422 | Lair:2   | Noticed a catoblepas
 14437 | Lair:2   | Killed a catoblepas
 14633 | Lair:2   | Reached skill level 10 in Necromancy
 14806 | Lair:2   | Reached skill level 11 in Armour
 14863 | Lair:2   | Found a staircase to the Swamp.
 15294 | Lair:3   | Reached skill level 5 in Fighting
 15295 | Lair:3   | XOM: summons 2 friendly demons
 15465 | Lair:3   | XOM: silly message
 15467 | Lair:3   | XOM: enchant monster (bad)
 15594 | Lair:3   | Noticed Gastronok
 15608 | Lair:3   | Killed Gastronok
 16231 | Lair:4   | XOM: god gift: thin smoking staff {god gift}
 16309 | Lair:4   | Reached XP level 13. HP: 102/102 MP: 13/13
 16312 | Lair:4   | Reached skill level 6 in Fighting
 16368 | Lair:4   | Noticed Kirke
 16381 | Lair:4   | XOM: 1-stop teleportation journey
 16524 | Lair:4   | Reached skill level 11 in Necromancy
 16525 | Lair:4   | XOM: summons 7 hostile demons
 16542 | Lair:4   | XOM: summons 1 hostile demon
 16579 | Lair:4   | Killed Kirke
 16683 | Lair:4   | Acquired a +1 buckler of reflection
 16700 | Lair:4   | Reached skill level 1 in Shields
 16748 | Lair:4   | XOM: give mutations
 16748 | Lair:4   | Lost mutation: You are robust. (+10% HP) [Xom's mischief]
 16748 | Lair:4   | Lost mutation: You passively dampen the noise of your
                  | surroundings. [Xom's mischief]
 16748 | Lair:4   | Gained mutation: You are dopey. (Int -2) [Xom's mischief]
 16748 | Lair:4   | Gained mutation: Your body sometimes deteriorates upon
                  | taking damage. [Xom's mischief]
 16750 | Lair:4   | Lost mutation: You passively map a small area around you.
                  | [potion of mutation]
 16750 | Lair:4   | Lost mutation: You are dopey. (Int -2) [potion of mutation]
 16750 | Lair:4   | Gained mutation: You are robust. (+10% HP) [potion of
                  | mutation]
 16880 | Lair:4   | Reached skill level 2 in Shields
 17041 | Lair:4   | XOM: polymorph yak -> wind drake
 17056 | Lair:4   | XOM: blink monster(s)
 17059 | Lair:4   | Reached skill level 3 in Shields
 17070 | Lair:4   | XOM: summons 5 hostile demons
 17089 | Lair:4   | XOM: noise
 17419 | Lair:4   | XOM: scenery: summon butterflies
 17421 | Lair:4   | XOM: confusion
 17423 | Lair:4   | Noticed Josephine
 17437 | Lair:4   | Killed Josephine
 17438 | Lair:4   | Reached skill level 4 in Shields
 17457 | Lair:4   | XOM: confusion
 17787 | Lair:4   | XOM: give mutations
 17787 | Lair:4   | Lost mutation: You are robust. (+10% HP) [Xom's mischief]
 17787 | Lair:4   | Lost mutation: Your body sometimes deteriorates upon taking
                  | damage. [Xom's mischief]
 17787 | Lair:4   | Gained mutation: Armour fits poorly on your strangely
                  | shaped body. [Xom's mischief]
 17787 | Lair:4   | Gained mutation: You are dopey. (Int -2) [Xom's mischief]
 17788 | Lair:4   | Lost mutation: You expend magic power (3 MP) to strengthen
                  | your wands. [potion of mutation]
 17788 | Lair:4   | Lost mutation: You are dopey. (Int -2) [potion of mutation]
 17788 | Lair:4   | Gained mutation: You are frail. (-10% HP) [potion of
                  | mutation]
 17788 | Lair:4   | Gained mutation: Your body sometimes deteriorates upon
                  | taking damage. [potion of mutation]
 17789 | Lair:4   | Lost mutation: Your body sometimes deteriorates upon taking
                  | damage. [potion of mutation]
 17789 | Lair:4   | Lost mutation: Armour fits poorly on your strangely shaped
                  | body. [potion of mutation]
 17789 | Lair:4   | Gained mutation: You sometimes lose the ability to read
                  | scrolls when taking damage. [potion of mutation]
 17789 | Lair:4   | Gained mutation: You are somewhat resistant to further
                  | mutation. [potion of mutation]
 17953 | Lair:5   | Reached skill level 7 in Fighting
 18071 | Lair:5   | Reached skill level 12 in Armour
 18200 | Lair:5   | Found a staircase to the Slime Pits.
 18400 | Lair:5   | Identified 2 potions of resistance
 18807 | Lair:6   | Entered Level 6 of the Lair of Beasts
 18854 | Lair:6   | Reached skill level 12 in Necromancy
 18935 | Lair:6   | Reached skill level 8 in Fighting
 18957 | Lair:6   | XOM: polymorph rime drake -> raiju
 19022 | Lair:6   | XOM: swap monsters
 19028 | Lair:6   | XOM: blink monster(s)
 19035 | Lair:6   | XOM: summons 3 friendly demons
 19065 | Lair:6   | XOM: enchant monster (bad)
 19079 | Lair:6   | Reached XP level 14. HP: 45/95 MP: 8/14
 19274 | Lair:6   | XOM: swap monsters
 19329 | Lair:6   | XOM: polymorph blink frog -> harpy
 19340 | Lair:6   | XOM: 4-stop teleportation journey
 19522 | Lair:5   | XOM: summons 5 friendly demons
 19753 | Lair:6   | Reached skill level 9 in Fighting
 19806 | Lair:6   | XOM: scenery: summon butterflies
 19811 | Lair:6   | Reached skill level 13 in Necromancy
 19811 | Lair:6   | XOM: divination: detect creatures
 19830 | Lair:6   | XOM: divination: detect creatures
 19836 | Lair:6   | Reached skill level 13 in Armour
 19959 | Lair:6   | XOM: silly message
 19970 | Lair:6   | XOM: silly message
 20016 | Lair:6   | Found a runed translucent gate.
 20017 | Lair:6   | Found a runed translucent gate.
 20017 | Lair:6   | Found a runed translucent gate.
 20058 | Lair:6   | XOM: potion effect (heal wounds)
 20327 | Lair:6   | Noticed Cancer's ghost (journeyman GrCj)
 20327 | Lair:6   | XOM: silly message
 20489 | Lair:6   | Reached skill level 1 in Evocations
 20529 | Lair:6   | XOM: potion effect (haste)
 20553 | Lair:6   | Reached skill level 10 in Fighting
 20669 | Lair:6   | Reached skill level 2 in Evocations
 21080 | Lair:6   | Killed Cancer's ghost
 21109 | Lair:6   | XOM: divination: detect creatures
 21110 | Lair:6   | XOM: silly message
 21146 | Lair:6   | Identified the ring "Daifal" {Fire Str+4}
 21323 | D:11     | XOM: potion effect (heal wounds)
 21543 | Orc:1    | Entered Level 1 of the Orcish Mines
 21559 | Orc:1    | Found a transporter.
 21559 | Orc:1    | Found a transporter.
 21608 | Orc:1    | Reached skill level 3 in Evocations
 21608 | Orc:1    | Noticed an orc warlord
 21684 | Orc:1    | XOM: noise
 21689 | Orc:1    | Killed an orc warlord
 21734 | Orc:1    | XOM: polymorph orc warrior -> tengu
 21903 | Orc:1    | XOM: cloud trail
 22057 | Orc:2    | Entered Level 2 of the Orcish Mines
 22060 | Orc:2    | Found a staircase to the Elven Halls.
 22168 | Orc:2    | XOM is BORED!
 22168 | Orc:2    | Found a bloodstained altar of Trog.
 22168 | Orc:2    | Noticed Saint Roka
 22168 | Orc:2    | XOM: 2-stop teleportation journey
 22172 | Orc:2    | XOM: fog
 22342 | Orc:2    | XOM: destruction
 22346 | Orc:2    | XOM: fog
 22351 | Orc:2    | XOM: summons 12 friendly demons
 22352 | Orc:2    | XOM: confuse monster(s)
 22357 | Orc:2    | Killed Saint Roka
 22358 | Orc:2    | Reached skill level 4 in Evocations
 22610 | Orc:2    | XOM: fake destruction
 22629 | Orc:2    | XOM: polymorph orc warrior -> orc warrior
 22762 | Orc:2    | XOM: confuse monster(s)
 22777 | Orc:2    | XOM: summons 8 friendly demons
 22778 | Orc:2    | Paralysed by an orc sorcerer for 3 turns
 22785 | Orc:2    | Reached XP level 15. HP: 85/103 MP: 15/15
 23012 | Orc:2    | Found Neanguf's Distillery.
 23013 | Orc:2    | Found Ukohoes's General Store.
 23014 | Orc:2    | XOM: 1-stop teleportation journey
 23360 | Orc:2    | XOM: polymorph orc -> jackal
 23435 | Orc:2    | Bought a scroll of blinking for 112 gold pieces
 23496 | Orc:2    | Reached skill level 14 in Armour
 23507 | Orc:2    | Reached skill level 11 in Fighting
 23507 | Orc:2    | Reached skill level 5 in Evocations
 23651 | Orc:2    | XOM: god gift: wand of mindburst (16)
 23725 | Orc:2    | XOM: scenery: create altars
 23727 | Orc:2    | XOM: polymorph orange demon -> hellwing
 23746 | Orc:2    | XOM: god gift: wand of acid (10)
 23751 | Orc:2    | XOM: potion effect (invisibility)
 23772 | Orc:2    | XOM: scenery: summon butterflies
 23819 | Orc:2    | XOM: cast spell 'Olgreb's Toxic Radiance'
 23849 | Orc:2    | XOM: summons friendly white imp
 24249 | Orc:2    | XOM: give mutations
 24249 | Orc:2    | Gained mutation: You are clumsy. (Dex -2) [Xom's mischief]
 24249 | Orc:2    | Lost mutation: You are clumsy. (Dex -2) [Xom's mischief]
 24253 | Orc:2    | Reached skill level 6 in Evocations
 24405 | Orc:2    | Found Matibluu's Jewellery Shop.
 24405 | Orc:2    | Found Kosmycosuu's Antique Weapon Boutique.
 24406 | Orc:2    | Found a one-way gate leading to the halls of Pandemonium.
 24409 | Orc:2    | XOM: chaos cloud
 24544 | Orc:2    | Bought a potion of haste for 150 gold pieces
 24544 | Orc:2    | Bought a potion of haste for 150 gold pieces
 24544 | Orc:2    | Bought a potion of curing for 45 gold pieces
 24544 | Orc:2    | Bought a potion of curing for 45 gold pieces
 24544 | Orc:2    | Bought a potion of curing for 45 gold pieces
 24616 | D:12     | XOM: summons 8 hostile demons
 24690 | D:12     | XOM: 1-stop teleportation journey
 24796 | D:12     | Reached skill level 1 in Dodging
 24878 | D:12     | XOM: chaos cloud
 24962 | D:12     | XOM: give mutations
 24962 | D:12     | Gained mutation: Your body sometimes deteriorates upon
                  | taking damage. [Xom's mischief]
 24962 | D:12     | Lost mutation: You are frail. (-10% HP) [Xom's mischief]
 25231 | D:12     | Reached skill level 2 in Dodging
 25367 | D:12     | XOM: god gift: 45 gold pieces
 25433 | D:13     | Found Ostek's Weapon Emporium.
 25488 | D:13     | XOM: polymorph two-headed ogre -> shapeshifter
 25597 | D:13     | XOM: god gift: scroll of torment
 25613 | D:13     | XOM: fog
 25814 | D:13     | Reached skill level 3 in Dodging
 25858 | D:13     | Reached skill level 12 in Fighting
 25858 | D:13     | Reached skill level 7 in Evocations
 25889 | D:13     | XOM: god gift: scroll of amnesia
 26125 | D:13     | XOM: silly message
 26199 | D:13     | XOM: polymorph tengu warrior -> slime creature
 26258 | D:13     | Noticed Nessos
 26269 | D:13     | Killed Nessos
 26362 | D:13     | Found the +3 robe of Clouds {*Thunder rCloud rElec}
 26487 | D:14     | Found a transporter.
 26516 | D:14     | XOM: stat loss: -1 Str (26/27)
 26532 | D:14     | Found a transporter.
 26540 | D:14     | Noticed Iwetad's ghost (journeyman MiDe)
 26607 | D:14     | Noticed Mostra's ghost (journeyman DjFE)
 26645 | D:14     | XOM: summons 3 hostile shadow creatures
 27170 | D:14     | XOM: swap monsters
 27293 | D:14     | Noticed Snorg
 27306 | D:14     | Killed Snorg
 27320 | D:14     | Found a gate to the Vaults.
 27500 | D:14     | XOM: swap monsters
 27569 | D:14     | XOM: summons 3 hostile shadow creatures
 27577 | D:14     | XOM: summons 3 hostile shadow creatures
 27719 | D:14     | Reached skill level 5 in Shields
 27955 | D:15     | Entered Level 15 of the Dungeon
 28002 | D:15     | XOM: summons 1 hostile demon
 28283 | D:15     | Noticed Azrael
 28292 | D:15     | Killed Azrael
 28293 | D:15     | Reached XP level 16. HP: 92/129 MP: 14/16
 28440 | D:15     | Identified Roxanne's Guide on Transmigration
 28440 | D:15     | Noticed Roxanne
 28493 | D:15     | Reached skill level 6 in Shields
 28523 | D:15     | Noticed Rupert
 28534 | D:15     | Killed Rupert
 29005 | D:15     | Found a staircase to the Depths.
 29005 | D:15     | XOM: fog
 29009 | D:15     | XOM: confuse monster(s)
 29380 | Spider:1 | Entered Level 1 of the Spider Nest
 29382 | Spider:1 | XOM: confusion (+ monsters)
 29387 | Spider:1 | Noticed Louise
 29393 | Spider:1 | Reached skill level 7 in Shields
 29409 | Spider:1 | Killed Louise
 29410 | Spider:1 | Reached skill level 13 in Fighting
 29425 | Spider:1 | XOM: draining
 29427 | Spider:1 | XOM: confuse monster(s)
 29534 | Spider:1 | XOM: 1-stop teleportation journey
 29605 | Spider:1 | XOM: polymorph demonic crawler -> hell hog
 29662 | Spider:1 | XOM: noise
 29686 | Spider:1 | Noticed Donald
 29710 | Spider:1 | Killed Donald
 29712 | Spider:1 | XOM: fake destruction
 29775 | Spider:1 | XOM: god gift: Fen Folio
 29926 | Spider:1 | XOM: noise
 29937 | Spider:1 | XOM: summons 1 hostile shadow creature
 30152 | Spider:1 | XOM: polymorph jumping spider -> swamp dragon
 30193 | Spider:1 | Reached skill level 8 in Shields
 30282 | Spider:1 | XOM: give mutations
 30282 | Spider:1 | Lost mutation: Your system is resistant to poisons. (rPois)
                  | [Xom's mischief]
 30282 | Spider:1 | Gained mutation: You are dopey. (Int -2) [Xom's mischief]
 30282 | Spider:1 | Gained mutation: You are clumsy. (Dex -2) [Xom's mischief]
 31131 | Spider:2 | XOM: draining
 31144 | Spider:2 | XOM: swap monsters
 31652 | Spider:2 | XOM: confusion (+ monsters)
 31660 | Spider:2 | XOM: confuse monster(s)
 31733 | Spider:2 | XOM: swap monsters
 31848 | Spider:2 | XOM: 1-stop teleportation journey
 31897 | Spider:2 | XOM: 3-stop teleportation journey
 32035 | Spider:2 | Reached skill level 9 in Shields
 32050 | Spider:2 | XOM: scenery: create altars
 32231 | Spider:2 | XOM: scenery: create altars
 32471 | Spider:3 | XOM: summons 16 friendly demons
 32889 | Lair:2   | XOM: give mutations
 32889 | Lair:2   | Lost mutation: You are clumsy. (Dex -2) [Xom's grace]
 32889 | Lair:2   | Gained mutation: You are robust. (+10% HP) [Xom's grace]
 32889 | Lair:2   | Gained mutation: Your flesh is very heat resistant. (rF++)
                  | [Xom's grace]
 32889 | Lair:2   | Gained mutation: You are agile. (Dex +2) [Xom's grace]
 32959 | Swamp:1  | Entered Level 1 of the Swamp
 33076 | Lair:2   | XOM: scenery: summon butterflies
 33387 | Swamp:1  | Noticed a tentacled monstrosity
 33481 | Lair:2   | XOM: scenery: 1 doors open
 33522 | Lair:2   | XOM: god gift: potion of flight
 33825 | Spider:2 | XOM: silly message
 33919 | Spider:3 | XOM: confuse monster(s)
 33925 | Spider:3 | XOM: summons 3 friendly demons
 33939 | Spider:3 | XOM: scenery: summon butterflies
 33949 | Spider:3 | XOM: divine lightning
 33956 | Spider:3 | Reached skill level 10 in Shields
 33983 | Spider:3 | Reached skill level 14 in Fighting
 34220 | Spider:3 | XOM: confuse monster(s)
 34245 | Spider:3 | XOM: silly message
 34424 | Spider:3 | Lost mutation: You have large cloven feet. [potion of
                  | mutation]
 34424 | Spider:3 | Lost mutation: Your body sometimes deteriorates upon taking
                  | damage. [potion of mutation]
 34424 | Spider:3 | Lost mutation: You are robust. (+10% HP) [potion of
                  | mutation]
 34534 | Spider:3 | Identified the +6 scale mail "Aterenk" {-Cast rN+ SInv}
 34628 | Spider:4 | Entered Level 4 of the Spider Nest
 34654 | Spider:4 | XOM: confusion
 34677 | Spider:4 | Noticed a sphinx
 34677 | Spider:4 | an emperor scorpion changed into a sphinx
 34677 | Spider:4 | XOM: polymorph emperor scorpion -> sphinx
 34683 | Spider:3 | XOM: smoke on damage
 35020 | Spider:3 | Killed a sphinx
 35144 | Spider:4 | XOM: summons friendly shadow imp
 35165 | Spider:4 | XOM: summons friendly crimson imp
 35265 | Spider:4 | XOM: summons 4 hostile shadow creatures
 35371 | Spider:4 | Found a runed translucent door.
 35372 | Spider:4 | Noticed Pauttozis's ghost (adept CeHu)
 35402 | Spider:4 | Killed Pauttozis's ghost
 35403 | Spider:4 | Gained mutation: Your touch may inflict irresistible damage
                  | on your foes. [demonic ancestry]
 35403 | Spider:4 | Reached XP level 17. HP: 131/139 MP: 17/17
 35404 | Spider:4 | Identified the +0 pair of boots of Terror {+Inv Will-
                  | Regen+ Int-2}
 35521 | Spider:4 | Identified the +1 robe of Love and Death {rPois rF+}
 35624 | Spider:4 | Reached skill level 11 in Shields
 35756 | Spider:3 | XOM: give mutation
 35756 | Spider:3 | Gained mutation: Your magical capacity is low. (-10% MP)
                  | [Xom's mischief]
 36001 | Spider:4 | Lost mutation: Your magical capacity is low. (-10% MP)
                  | [potion of mutation]
 36001 | Spider:4 | Lost mutation: You sometimes lose the ability to read
                  | scrolls when taking damage. [potion of mutation]
 36001 | Spider:4 | Lost mutation: You are agile. (Dex +2) [potion of mutation]
 36001 | Spider:4 | Gained mutation: You expend magic power (3 MP) to
                  | strengthen your wands. [potion of mutation]
 36001 | Spider:4 | Gained mutation: Armour fits poorly on your strangely
                  | shaped body. [potion of mutation]
 36032 | Spider:4 | XOM: fog
 36114 | Spider:4 | XOM: enchant monster (bad)
 36115 | Spider:4 | XOM: noise
 36124 | Spider:4 | XOM: noise
 36363 | Spider:4 | XOM: swap monsters
 36417 | Spider:4 | XOM: blink monster(s)
 36429 | Spider:4 | Reached skill level 12 in Shields
 36462 | Spider:4 | XOM: polymorph emperor scorpion -> azure jelly
 36612 | Spider:4 | Got a gossamer rune of Zot
 36623 | Spider:4 | XOM: give mutation
 36623 | Spider:4 | Gained mutation: Your muscles are strong. (Str +2) [Xom's
                  | mischief]
 36867 | Vaults:1 | Entered Level 1 of the Vaults
 37151 | Vaults:1 | XOM: 1-stop teleportation journey
 37228 | Vaults:1 | XOM: 1-stop teleportation journey
 37263 | Vaults:1 | XOM: potion effect (might)
 37287 | Vaults:1 | Reached skill level 13 in Shields
 37287 | Vaults:1 | XOM: silly message
 37731 | Vaults:1 | XOM: confuse monster(s)
 38116 | Vaults:1 | XOM: enchant monster (good)
 38137 | Vaults:1 | Reached skill level 14 in Shields
 38403 | Vaults:1 | Found a runed translucent gate.
 38403 | Vaults:1 | Found a runed translucent gate.
 38403 | Vaults:1 | Found a runed translucent gate.
 38404 | Vaults:1 | Noticed agentgt's ghost (veteran KoAK)
 38404 | Vaults:1 | Noticed Suclasoa's ghost (adept DsBe)
 38404 | Vaults:1 | Noticed Mycling's ghost (veteran DsFi)
 38407 | Vaults:1 | XOM: scenery: 1 fountains blood, 3 doors open, 1 doors
                  | close
 38408 | Vaults:1 | XOM: potion effect (brilliance)
 38495 | Vaults:1 | XOM: cloud trail
 38504 | Vaults:1 | XOM: confusion
 38630 | D:12     | XOM: give mutations
 38630 | D:12     | Lost mutation: Your muscles are strong. (Str +2) [Xom's
                  | mischief]
 38630 | D:12     | Gained mutation: You are somewhat resistant to both further
                  | mutation and mutation removal. [Xom's mischief]
 38630 | D:12     | Lost mutation: You expend magic power (3 MP) to strengthen
                  | your wands. [Xom's mischief]
 38721 | Swamp:1  | Killed a tentacled monstrosity
 38757 | Swamp:1  | Lost mutation: Armour fits poorly on your strangely shaped
                  | body. [potion of mutation]
 38757 | Swamp:1  | Gained mutation: Your muscles are strong. (Str +2) [potion
                  | of mutation]
 39060 | Swamp:1  | XOM: silly message
 39345 | Swamp:1  | XOM: confuse monster(s)
 39717 | Swamp:2  | XOM: summons friendly crimson imp
 39731 | Swamp:2  | XOM: divination: magic mapping
 39936 | Swamp:2  | Reached skill level 15 in Shields
 39942 | Swamp:2  | XOM: summons 5 friendly demons
 39957 | Swamp:2  | Reached XP level 18. HP: 95/147 MP: 18/18
 39958 | Swamp:2  | XOM: god gift: 1076 gold pieces
 40168 | Swamp:2  | XOM: chaos upgrade
 40266 | Swamp:2  | XOM: god gift: +8 trident of the Octopus King {venom, rElec
                  | rPois Will+}
 40267 | Swamp:2  | Found the +8 trident of the Octopus King {venom, rElec
                  | rPois Will+}
 40305 | Swamp:2  | Paralysed by a hornet for 2 turns
 40313 | Swamp:2  | Paralysed by a hornet for 2 turns
 40314 | Swamp:2  | XOM: scenery: summon butterflies
 40461 | Swamp:2  | XOM: 2-stop teleportation journey
 40706 | Swamp:2  | XOM: stat loss: -1 Str (16/17)
 41001 | Swamp:3  | XOM: polymorph spriggan rider -> fire dragon
 41014 | Swamp:3  | Noticed Nikola
 41016 | Swamp:3  | XOM: enchant monster (bad)
 41024 | Swamp:3  | Noticed Bai Suzhen
 41037 | Swamp:3  | Killed Nikola
 41048 | Swamp:3  | Killed Bai Suzhen
 41049 | Swamp:3  | Reached skill level 15 in Fighting
 41094 | Swamp:3  | Noticed Jorgrun
 41106 | Swamp:3  | Killed Jorgrun
 41309 | Swamp:3  | XOM: stat loss: -1 Dex (16/17)
 41450 | Swamp:3  | Noticed Mlioglotl
 41464 | Swamp:3  | XOM: god gift: 14 gold pieces
 41465 | Swamp:3  | XOM: cleaving
 41477 | Swamp:3  | XOM: confuse monster(s)
 41477 | Swamp:3  | Killed Mlioglotl
 41510 | Swamp:3  | XOM: scenery: summon butterflies
 41526 | Swamp:3  | XOM: noise
 41528 | Swamp:3  | Reached skill level 15 in Armour
 41959 | Swamp:4  | Entered Level 4 of the Swamp
 41996 | Swamp:4  | Found a frozen archway.
 42096 | Swamp:4  | XOM: 1-stop teleportation journey
 42415 | Swamp:4  | XOM: confusion
 42419 | Swamp:4  | XOM: confuse monster(s)
 42639 | Swamp:4  | XOM: divination: magic mapping
 42907 | Swamp:4  | XOM: god gift: 5 atropa-tipped darts
 42929 | Swamp:4  | Found a blossoming altar of Fedhas.
 42929 | Swamp:4  | XOM: 1-stop teleportation journey
 42995 | Swamp:4  | XOM: noise
 43192 | Swamp:4  | Reached skill level 16 in Fighting
 43221 | Swamp:4  | XOM: confusion
 43289 | Swamp:4  | XOM: summons 9 hostile demons
 43305 | Swamp:4  | XOM: polymorph red devil -> hellwing
 43585 | Swamp:4  | XOM: swap monsters
 43662 | Swamp:4  | XOM: summons 2 hostile shadow creatures
 44166 | Swamp:3  | XOM: enchant monster (bad)
 44571 | Swamp:4  | Found a basalt altar of Yredelemnul.
 44608 | Swamp:4  | XOM: summons 3 hostile demons
 44815 | Swamp:4  | XOM: summons 2 hostile shadow creatures
 45076 | Swamp:4  | Got a decaying rune of Zot
 45311 | Depths:1 | Entered Level 1 of the Depths
 45339 | Depths:1 | XOM: chaos cloud
 45347 | Depths:1 | XOM: divine lightning
 45348 | Depths:1 | Reached skill level 16 in Armour
 45542 | Depths:1 | Noticed a lich
 45551 | Depths:1 | XOM: cast spell 'Disjunction'
 45591 | D:15     | XOM: summons 6 friendly demons
 45597 | D:15     | >>i die here
 45862 | D:15     | XOM: give mutations
 45862 | D:15     | Gained mutation: You are agile. (Dex +2) [Xom's grace]
 45862 | D:15     | Lost mutation: You are dopey. (Int -2) [Xom's grace]
 45862 | D:15     | Gained mutation: You are covered in fur. (AC +1) [Xom's
                  | grace]
 46110 | Vaults:2 | XOM: summons 4 friendly demons
 46197 | Vaults:2 | XOM: 6-stop teleportation journey
 46260 | Vaults:2 | Gained mutation: Your touch may irresistibly damage your
                  | foes and sap their willpower. [demonic ancestry]
 46260 | Vaults:2 | Reached XP level 19. HP: 151/159 MP: 19/19
 46316 | Vaults:2 | XOM: 1-stop teleportation journey
 46444 | Vaults:2 | Reached skill level 17 in Fighting
 46533 | Vaults:2 | Found Olyh Zon's Distillery.
 46538 | Vaults:2 | Bought 2 potions of mutation for 304 gold pieces
 46538 | Vaults:2 | Bought a potion of curing for 57 gold pieces
 46538 | Vaults:2 | Bought a potion of curing for 57 gold pieces
 46538 | Vaults:2 | Bought 2 potions of curing for 114 gold pieces
 46687 | Vaults:2 | Found a runed translucent door.
 46689 | Vaults:2 | Noticed Fumalo's ghost (veteran MiBe)
 46966 | Vaults:2 | XOM: 2-stop teleportation journey
 47391 | Vaults:2 | HP: 1/161 [vault warden (19)]
 47882 | Vaults:2 | Reached skill level 17 in Armour
 48040 | Vaults:2 | XOM: divine lightning
 48205 | Vaults:2 | XOM: god gift: 14 stones
 48354 | Vaults:3 | XOM: confuse monster(s)
 48378 | Vaults:3 | Acquired a +2 crystal plate armour
 48380 | Vaults:3 | Acquired a manual of Evocations
 48412 | Vaults:3 | Found Asusitri's Armour Shop.
 48443 | Vaults:3 | XOM: 2-stop teleportation journey
 48529 | Vaults:3 | XOM: polymorph cyan ugly thing -> purple ugly thing
 48542 | Vaults:3 | Reached skill level 8 in Evocations
 48582 | Vaults:3 | XOM: enchant monster (good)
 48587 | Vaults:3 | XOM: summons 4 friendly demons
 48591 | Vaults:3 | XOM: summons friendly ufetubus
 48601 | Vaults:3 | XOM: enchant monster (bad)
 48602 | Vaults:3 | HP: 13/147 [wizard/fireball (4)]
 48634 | Vaults:3 | Reached skill level 18 in Fighting
 49061 | Vaults:3 | XOM: cast spell 'Chain of Chaos'
 49073 | Vaults:3 | You are cast into the Abyss!
 49073 | Vaults:3 | Cast into level 2 of the Abyss (a wizard)
 49108 | Abyss:2  | Found a basalt altar of Yredelemnul.
 49143 | Vaults:3 | You pass through the gate.
 49143 | Vaults:3 | Escaped the Abyss
 49143 | Vaults:3 | XOM: scenery: 2 doors open, 1 doors close
 49256 | Vaults:3 | Found a staircase to the Crypt.
 49290 | Vaults:3 | Reached skill level 9 in Evocations
 49478 | Vaults:3 | Got the Disquisition on Slavery and Venom
 49496 | Vaults:3 | XOM: give mutations
 49496 | Vaults:3 | Gained mutation: You expend magic power (3 MP) to
                  | strengthen your wands. [Xom's grace]
 49496 | Vaults:3 | Gained mutation: You possess an exceptional clarity of
                  | mind. [Xom's grace]
 49496 | Vaults:3 | Gained mutation: You are robust. (+10% HP) [Xom's grace]
 50197 | Vaults:4 | XOM: enchant monster (bad)
 50433 | Vaults:4 | XOM: noise
 50449 | Vaults:4 | XOM: destruction
 50506 | Vaults:4 | XOM: silly message
 50549 | Vaults:4 | Reached skill level 10 in Evocations
 50566 | Vaults:4 | XOM: 4-stop teleportation journey
 50630 | Vaults:4 | XOM: divination: detect creatures
 50673 | Vaults:4 | XOM: god gift: scroll of fear
 50802 | Vaults:4 | XOM: polymorph yaktaur -> moth of wrath
 50858 | Vaults:4 | XOM: god gift: 11 gold pieces
 51111 | Vaults:2 | XOM: enchant monster (good)
 51118 | Vaults:2 | Reached XP level 20. HP: 189/189 MP: 20/20
 51261 | Vaults:1 | XOM: cloud trail
 51317 | Vaults:1 | XOM: cast spell 'Metabolic Englaciation'
 51551 | Vaults:1 | XOM: enchant monster (bad)
 51563 | Vaults:1 | Killed Suclasoa's ghost
 51903 | Vaults:1 | Identified the +2 helmet "Celos" {rF+ rC+}
 51955 | Vaults:1 | XOM: scenery: 4 doors close
 51990 | Vaults:1 | Reached skill level 11 in Evocations
 52085 | Vaults:1 | Killed agentgt's ghost
 52110 | Vaults:1 | Killed Mycling's ghost
 52260 | Vaults:1 | XOM: 3-stop teleportation journey
 52366 | Vaults:1 | XOM: cast spell 'Chain of Chaos'
 52382 | Vaults:1 | Reached skill level 18 in Armour
 52387 | Vaults:1 | XOM: silly message
 52556 | Vaults:1 | XOM: summons friendly iron imp
 52558 | Vaults:1 | XOM: confuse monster(s)
 52786 | Vaults:1 | XOM: god gift: wand of digging (8)
 52847 | Vaults:1 | XOM: scenery: 2 doors close
 52914 | Vaults:1 | XOM: give mutations
 52914 | Vaults:1 | Gained mutation: Your spells are a little harder to cast,
                  | but a little more powerful. [Xom's grace]
 52914 | Vaults:1 | Gained mutation: You are very agile. (Dex +4) [Xom's grace]
 52914 | Vaults:1 | Gained mutation: You have supernaturally acute eyesight.
                  | (SInv) [Xom's grace]
 52914 | Vaults:1 | Gained mutation: You are almost entirely resistant to
                  | further mutation and mutation removal. [Xom's grace]
 53024 | Vaults:4 | Reached skill level 12 in Evocations
 53130 | Vaults:4 | XOM: cleaving
 53324 | Vaults:4 | Reached skill level 19 in Fighting
 53329 | Vaults:4 | XOM: scenery: 1 doors open, 3 doors close
 53340 | Vaults:4 | XOM: god gift: glowing falchion {god gift}
 53579 | Vaults:4 | XOM: summons 9 friendly demons
 53677 | Vaults:4 | Reached skill level 13 in Evocations
 53684 | Vaults:4 | XOM: noise
 53919 | Vaults:4 | XOM: 1-stop teleportation journey
 54545 | D:12     | XOM: cloud trail
 54601 | Elf:1    | Entered Level 1 of the Elven Halls
 54633 | Elf:1    | Found a radiant altar of Vehumet.
 54639 | Elf:1    | XOM: divination: detect items
 54753 | Elf:1    | XOM: divination: detect items
 55281 | Elf:1    | XOM: silly message
 55330 | Elf:1    | Reached skill level 14 in Evocations
 55331 | Elf:1    | XOM: enchant monster (good)
 55896 | Elf:2    | Found a runed translucent gate.
 55936 | Elf:2    | XOM: smoke on damage
 55938 | Elf:2    | XOM: cast spell 'Summon Small Mammal'
 56042 | Elf:1    | XOM: silly message
 56250 | Elf:1    | XOM: silly message
 56894 | Elf:2    | XOM: silly message
 57107 | Elf:2    | Found a runed translucent gate.
 57108 | Elf:2    | Found a runed translucent gate.
 57200 | Elf:3    | Entered Level 3 of the Elven Halls
 57263 | Elf:3    | XOM: cloud trail
 57304 | Elf:3    | Gained mutation: You are powered by pain. [demonic
                  | ancestry]
 57304 | Elf:3    | Reached XP level 21. HP: 177/200 MP: 18/21
 57786 | Elf:3    | Reached skill level 15 in Evocations
 57810 | Elf:3    | XOM: confuse monster(s)
 57814 | Elf:3    | Reached skill level 19 in Armour
 57820 | Elf:3    | XOM: potion effect (might)
 57824 | Elf:3    | XOM: silly message
 57825 | Elf:3    | XOM: noise
 57905 | Elf:3    | XOM: noise
 57963 | Elf:3    | XOM: 1-stop teleportation journey
 58012 | Elf:3    | Got the Disquisition on Bewitchment
 58015 | Elf:3    | Identified a +2 robe of resistance
 58162 | Elf:3    | Found a runed translucent gate.
 58162 | Elf:3    | Found a runed translucent gate.
 58164 | Elf:3    | Found an opulent altar of Gozag.
 58165 | Elf:3    | Found a runed translucent gate.
 58166 | Elf:3    | Noticed frimble's ghost (adept TrWr)
 58652 | D:15     | XOM: silly message
 58949 | D:15     | Reached skill level 20 in Fighting
 59001 | D:15     | XOM: give mutations
 59001 | D:15     | Lost mutation: Your spells are a little harder to cast, but
                  | a little more powerful. [Xom's mischief]
 59001 | D:15     | Gained mutation: You sometimes lose the ability to read
                  | scrolls when taking damage. [Xom's mischief]
 59027 | Depths:1 | XOM: polymorph frost giant -> shapeshifter
 59036 | Depths:1 | XOM: noise
 59125 | Depths:1 | XOM: 4-stop teleportation journey
 59330 | Depths:1 | Found a one-way gate to the infinite horrors of the Abyss.
 59371 | Depths:1 | Found a gateway to Hell.
 59408 | Depths:1 | XOM: stat loss: -1 Int (15/16)
 59439 | Depths:1 | XOM: 3-stop teleportation journey
 59452 | Depths:1 | XOM: summons 9 hostile demons
 59665 | Depths:1 | Found a gateway to a ziggurat.
 59716 | Depths:1 | XOM: summons 3 hostile shadow creatures
 60081 | Depths:1 | XOM: give mutations
 60081 | Depths:1 | Gained mutation: Your movements are slightly less
                  | encumbered by armour. (ER -2) [Xom's grace]
 60081 | Depths:1 | Gained mutation: You have sharp toenails. [Xom's grace]
 60081 | Depths:1 | Gained mutation: Your muscles are very strong. (Str +4)
                  | [Xom's grace]
 60157 | Depths:1 | XOM: summons 1 hostile demon
 60327 | Depths:1 | XOM: give mutations
 60327 | Depths:1 | Lost mutation: You have sharp toenails. [Xom's mischief]
 60327 | Depths:1 | Lost mutation: You are very agile. (Dex +4) [Xom's
                  | mischief]
 60327 | Depths:1 | Lost mutation: You have supernaturally acute eyesight.
                  | (SInv) [Xom's mischief]
 60516 | Depths:2 | XOM: silly message
 60544 | Depths:1 | Reached skill level 4 in Dodging
 60616 | Depths:2 | XOM: cast spell 'Dispersal'
 60635 | Depths:2 | XOM: give mutations
 60635 | Depths:2 | Lost mutation: You possess an exceptional clarity of mind.
                  | [Xom's mischief]
 60635 | Depths:2 | Lost mutation: Your flesh is very heat resistant. (rF++)
                  | [Xom's mischief]
 61045 | Depths:2 | XOM: noise
 61101 | Depths:2 | XOM: noise
 61108 | Depths:2 | Identified the +3 demon trident "Jinun" {freeze, Str+3
                  | Int+5}
 61332 | Depths:2 | XOM: stat loss: -1 Str (19/20)
 61335 | Depths:2 | XOM: silly message
 61336 | Depths:2 | XOM: blink monster(s)
 61560 | Depths:2 | XOM: 2-stop teleportation journey
 61680 | Depths:2 | XOM: smoke on damage
 61766 | Depths:2 | XOM: swap monsters
 61793 | Depths:2 | Noticed a juggernaut
 61807 | Depths:2 | XOM: cast spell 'Summon Horrible Things'
 61816 | Depths:2 | Killed a juggernaut
 61843 | Depths:2 | XOM: summons friendly ufetubus
 61974 | Depths:2 | Noticed a caustic shrike
 61976 | Depths:2 | XOM: scenery: create altars
 61983 | Depths:2 | Killed a caustic shrike
 62075 | Depths:2 | XOM: summons 2 friendly demons
 62189 | Depths:2 | XOM: draining
 62214 | Depths:2 | Reached skill level 21 in Fighting
 62216 | Depths:2 | XOM: polymorph deep troll earth mage -> goliath frog
 62219 | Depths:2 | XOM: summons 1 hostile shadow creature
 62222 | Depths:2 | XOM: polymorph fire giant -> acid blob
 62397 | Depths:2 | XOM: give mutations
 62397 | Depths:2 | Lost mutation: You are almost entirely resistant to further
                  | mutation and mutation removal. [Xom's mischief]
 62397 | Depths:2 | Lost mutation: You are covered in fur. (AC +1) [Xom's
                  | mischief]
 62475 | Depths:2 | XOM: blink monster(s)
 62736 | Depths:2 | XOM: summons 5 hostile demons
 62869 | Depths:3 | XOM: chaos upgrade
 62890 | Depths:3 | XOM: potion effect (invisibility)
 63041 | Depths:3 | Reached skill level 20 in Armour
 63251 | Depths:3 | XOM: divination: magic mapping
 63291 | Depths:3 | XOM: potion effect (invisibility)
 63311 | Depths:3 | Reached XP level 22. HP: 174/200 MP: 22/22
 63698 | Depths:3 | XOM: silly message
 63754 | Depths:3 | >>fuck
 63785 | Depths:3 | XOM: divination: detect creatures
 63961 | Vaults:3 | XOM: divination: detect items
 63970 | Vaults:4 | XOM: divination: detect creatures
 63986 | Vaults:5 | Entered Level 5 of the Vaults
 64066 | Vaults:5 | XOM: potion effect (brilliance)
 64073 | Vaults:5 | XOM: confuse monster(s)
 64230 | Vaults:5 | Noticed a golden dragon
 64230 | Vaults:5 | XOM: 5-stop teleportation journey
 64246 | Vaults:5 | XOM: summons friendly ufetubus
 64257 | Vaults:5 | XOM: confusion (+ monsters)
 64270 | Vaults:5 | XOM: smoke on damage
 64272 | Vaults:5 | XOM: divination: detect items
 64375 | Vaults:5 | Noticed a dread lich
 64381 | Vaults:5 | XOM: noise
 64389 | Vaults:5 | XOM: divination: detect items
 64392 | Vaults:5 | XOM: potion effect (curing)
 64394 | Vaults:5 | HP: 16/181 [Tzitzimitl/bolt of negative energy[a dread
                  | lich] (13)]
 64395 | Vaults:5 | Paralysed by something for 6 turns
 64400 | Vaults:5 | Killed from afar by a Tzitzimitl

Vanquished Creatures
  A juggernaut (Depths:2)
  The ghost of Mycling the Warrior, a veteran DsFi of Okawaru (Vaults:1)
  Bai Suzhen (Swamp:3)
  Saint Roka (Orc:2)
  A caustic shrike (Depths:2)
  Nikola (Swamp:3)
  The ghost of agentgt the Warrior, a veteran KoAK of Lugonu (Vaults:1)
  The ghost of Suclasoa the Severer, an adept DsBe of Trog (Vaults:1)
  Jorgrun (Swamp:3)
  Rupert (D:15)
  A lich (Depths:1)
  A tentacled monstrosity (Swamp:1)
  Mlioglotl (Swamp:3)
  A walking frostbound tome (Depths:2)
  Gastronok (Lair:3)
  A thorn hunter (Swamp:3)
  4 sphinxes
  3 shadow dragons
  The ghost of Pauttozis the Markscentaur, an adept CeHu of Okawaru (Spider:4)
  A storm dragon (Vaults:5)
  2 tengu reavers (Vaults:4)
  Kirke (Lair:4)
  Donald (Spider:1)
  4 fire giants
  An azure jelly (Spider:4)
  3 orc warlords
  3 emperor scorpions (Spider:4)
  10 vault wardens
  3 ghost moths
  A deep elf sorcerer (Vaults:5)
  A balrug (Depths:2)
  3 frost giants
  Louise (Spider:1)
  A deep elf elementalist (Elf:1)
  13 very ugly things
  2 war gargoyles
  24 ironbound preservers
  6 stone giants
  Nessos (D:13)
  3 vampire knights
  6 bunyips
  A deep elf annihilator (Elf:1)
  6 dire elephants (Vaults:1)
  Azrael (D:15)
  5 entropy weavers
  A merfolk javelineer (Depths:1)
  An eidolon (Vaults:3)
  Snorg (D:14)
  4 spark wasps (Depths:1)
  3 deep elf death magi (Elf:3)
  3 fire dragons
  7 shambling mangroves
  7 ettins
  2 eleionomae
  3 crystal guardians (Vaults:1)
  10 yaktaur captains
  Josephine (Lair:4)
  The ghost of Cancer the Devastator, a journeyman GrCj (Lair:6)
  5 great orbs of eyes
  A deep elf high priest (Elf:1)
  3 peacekeepers
  19 hydras
  6 boulder beetles
  13 ironbound thunderhulks
  3 rakshasas
  3 ghost crabs
  21 vault guards
  4 ice dragons
  A hell beast (Depths:2)
  A spriggan air mage (Depths:2)
  3 demonspawn (Orc:2)
  An ogre mage (Vaults:5)
  4 merfolk avatars (Swamp:4)
  14 ironbound frosthearts
  Erica (Lair:1)
  15 dancing weapons
  2 catoblepae
  9 centaur warriors
  3 alligators
  4 deep troll shamans
  6 two-headed ogres
  9 death yaks
  2 death knights
  3 hell hogs
  A vampire mage (Depths:1)
  7 deep troll earth magi
  Urug (D:10)
  5 hell knights
  8 tengu warriors
  5 orc high priests (Orc:2)
  8 soul eaters
  20 deep elf knights
  A shadow wraith (Vaults:3)
  3 sun demons
  A skeletal warrior (D:11)
  A salamander mystic (Depths:2)
  8 iron trolls
  A fire crab (Lair:5)
  57 deep trolls
  3 sixfirhies
  7 swamp dragons
  4 spriggan druids
  5 flayed ghosts
  5 goliath frogs
  A glowing orange brain (Depths:2)
  3 spectral hydras (Swamp:4)
  8 wizards
  A harpy (Lair:6)
  9 lindwurms
  3 necromancers
  10 deep elf archers
  12 ironbound convokers
  6 bog bodies
  18 wolf spiders
  4 phantasmal warriors
  18 deep elf pyromancers
  22 deep elf zephyrmancers
  9 orc knights
  A mana viper (shapeshifter) (Depths:3)
  3 cyclopes
  11 orc sorcerers
  21 orb spiders
  3 oklob plants (Swamp:4)
  21 ugly things
  4 will-o-the-wisps
  A manticore (D:15)
  A worldbinder (Vaults:3)
  3 human zombies
  2 moths of wrath
  2 rust devils (Depths:2)
  2 salamanders (Depths:2)
  8 elephants (Lair:4)
  17 vault sentinels
  4 smoke demons
  3 orange demons
  4 black mambas
  A torpor snail (shapeshifter) (Vaults:1)
  A guardian serpent (shapeshifter) (Depths:1)
  2 gargoyles
  2 torpor snails
  A naga mage (D:15)
  A yaktaur zombie (Vaults:2)
  A kobold demonologist (D:12)
  9 komodo dragons
  A hellion (Depths:3)
  6 rime drakes
  22 cane toads
  14 yaktaurs
  8 freezing wraiths
  Maggie (Lair:1)
  A hellwing (Depths:2)
  2 human skeletons (Vaults:2)
  5 tengu conjurers
  An efreet (D:15)
  10 demonic crawlers
  25 jumping spiders
  2 death drake zombies (Swamp:4)
  A red devil (Orc:2)
  6 trolls
  A bloated husk (Swamp:4)
  A queen bee (shapeshifter) (Depths:2)
  4 hydra zombies (Swamp:4)
  19 slime creatures
  A wolf spider simulacrum (D:15)
  4 meliai
  14 tyrant leeches
  22 blink frogs
  32 hornets
  A hornet (shapeshifter) (D:13)
  A wind drake (Lair:4)
  A raiju (Lair:6)
  A raiju (shapeshifter) (Elf:3)
  A dream sheep (shapeshifter) (D:4)
  Grinder (D:3)
  An ettin zombie (Vaults:4)
  11 dream sheep
  2 hydra skeletons (Swamp:4)
  An air elemental (Elf:2)
  A shadow (D:12)
  47 yaks
  46 redbacks
  An ettin skeleton (Vaults:4)
  15 spriggans
  4 wyverns
  2 vampires
  8 fire bats
  28 tarantellas
  7 water elementals
  2 ynoxinuls (Depths:2)
  7 fire elementals
  6 wraiths
  3 basilisks
  A basilisk (shapeshifter) (D:13)
  4 hogs (Lair:4)
  Grum (D:5)
  A chaos spawn (Depths:2)
  21 vampire mosquitoes
  5 steam dragons
  Menkaure (D:4)
  An elf skeleton (Vaults:4)
  13 swamp worms
  3 wargs
  6 hydra simulacra
  13 water moccasins
  3 hell hounds (D:15)
  2 ice beasts
  31 orc warriors
  7 swamp drakes
  A sky beast (D:5)
  3 swamp dragon zombies (Swamp:4)
  2 boulder beetle simulacra (Lair:6)
  A black mamba simulacrum (Lair:6)
  5 ogres
  2 black bears
  A tengu (Orc:1)
  12 centaurs
  11 wolves
  A phantom (D:5)
  4 kobold brigands
  19 bullfrogs
  6 earth elementals
  A cane toad simulacrum (Lair:6)
  3 gnoll sergeants (D:5)
  2 scorpions
  2 water moccasin zombies (D:5)
  12 wights
  7 electric eels
  6 howler monkeys
  A torpor snail simulacrum (Lair:6)
  4 centaur zombies
  3 jellies
  A bullfrog zombie (D:7)
  10 hounds
  2 gnoll shamans
  21 orc priests
  4 centaur skeletons
  2 iguanas
  25 orc wizards
  A polar bear simulacrum (Lair:6)
  2 wolf simulacra (Lair:6)
  A howler monkey zombie (D:8)
  19 gnolls
  7 adders
  2 river rats
  4 white imps
  An ufetubus (D:5)
  2 worms
  3 dart slugs
  67 orcs
  5 ball pythons
  7 bats
  9 endoplasms
  2 giant cockroaches
  6 goblins
  5 hobgoblins
  2 jackals
  6 quokkas
  3 frilled lizards (D:1)
  20 kobolds
  4 rats
  2 river rat simulacra (Lair:6)
1600 creatures vanquished.

Vanquished Creatures (collateral kills)
  An ettin (D:15)
  A vault guard (Vaults:4)
  A hydra (D:11)
  A spriggan druid (Swamp:2)
  A deep troll (Vaults:2)
  2 ugly things
  4 kobold demonologists (D:10)
  A hornet (Swamp:2)
  A spriggan (Swamp:2)
  Eustachio (D:5)
  3 yaks (Lair:5)
  A centaur (D:11)
  2 phantoms
  A kobold brigand (D:10)
  A bullfrog (D:5)
  Terence (D:3)
  An adder zombie (D:5)
  An orc (D:11)
25 creatures vanquished.

Vanquished Creatures (others)
  A peacekeeper (Vaults:1)
  A dancing weapon (Vaults:4)
  A necromancer (Vaults:2)
  A deep elf pyromancer (Elf:1)
  A deep elf zephyrmancer (Elf:2)
  A vault sentinel (Vaults:2)
  A jumping spider (Spider:3)
  An air elemental (Elf:3)
  A redback (Spider:3)
  A sky beast (D:5)
  A hound (D:5)
  2 orc wizards
  2 orcs (D:9)
  3 bushes
  2 butterflies
  14 foxfires
  36 fungi
  111 plants
  A withered plant (D:11)
182 creatures vanquished.

Grand Total: 1807 creatures vanquished

Table legend: (Time is in decaauts)
 A = Elapsed time spent in this place.
 B = Non-inter-level travel time spent in this place.
 C = Inter-level travel time spent in this place.
 D = Time resting spent in this place.
 E = Time spent auto-exploring this place.
 F = Levels seen in this place.
 G = Mean time per level.
                   A        B        C        D        E       F      G
               +--------+--------+--------+--------+--------+-----+--------+
         Total |  61335 |  58095 |   3240 |  17433 |  29172 |  43 | 1426.4 |
       Dungeon |  19013 |  17808 |   1205 |   4072 |  10401 |  15 | 1267.5 |
          Lair |   8578 |   7993 |    585 |   2021 |   4633 |   6 | 1429.7 |
         Swamp |   6086 |   5876 |    210 |   2551 |   2276 |   4 | 1521.5 |
   Spider Nest |   6166 |   5911 |    255 |   2541 |   2083 |   4 | 1541.5 |
  Orcish Mines |   2868 |   2757 |    111 |    920 |   1204 |   2 | 1434.0 |
   Elven Halls |   3785 |   3585 |    200 |    829 |   2139 |   3 | 1261.7 |
        Vaults |   9929 |   9455 |    474 |   3087 |   4086 |   5 | 1985.8 |
        Depths |   4837 |   4640 |    197 |   1379 |   2348 |   3 | 1612.3 |
         Abyss |     70 |     70 |      0 |     29 |      0 |   1 |   70.0 |
               +--------+--------+--------+--------+--------+-----+--------+

Top non-repeatable levels by time:
Vaults:1: 3018 daAuts
Vaults:2: 2772 daAuts
 Swamp:4: 2262 daAuts
Vaults:4: 2208 daAuts
Depths:1: 2053 daAuts
    D:15: 1985 daAuts
  Lair:6: 1902 daAuts
Spider:2: 1890 daAuts
   Orc:2: 1872 daAuts
Depths:2: 1868 daAuts
     D:8: 1740 daAuts
    D:14: 1724 daAuts
  Lair:2: 1709 daAuts
Spider:1: 1662 daAuts
   Elf:1: 1612 daAuts

Table legend:
 A = Non-vault XP
 B = Vault XP
 C = Vault XP percentage of total XP
 D = Non-vault monster count
 E = Vault monster count
 F = Vault count percentage of total count
                 A         B        C        D         E       F
            +---------+---------+-------+---------+---------+-------
      Total |  433339 |  306892 |  41.5 |    1074 |     557 |  34.2
            +---------+---------+-------+---------+---------+-------
        D:1 |      37 |       0 |   0.0 |      23 |       0 |   0.0
        D:2 |     100 |      57 |  36.3 |      19 |       7 |  26.9
        D:3 |     282 |     297 |  51.3 |      12 |       4 |  25.0
        D:4 |     321 |     470 |  59.4 |      15 |       3 |  16.7
        D:5 |    1079 |    1001 |  48.1 |      23 |      23 |  50.0
        D:6 |     705 |       0 |   0.0 |      20 |       0 |   0.0
        D:7 |    2174 |       0 |   0.0 |      23 |       0 |   0.0
        D:8 |    2003 |    1112 |  35.7 |      28 |       7 |  20.0
        D:9 |    3042 |       0 |   0.0 |      22 |       0 |   0.0
       D:10 |    3435 |     796 |  18.8 |      19 |       1 |   5.0
       D:11 |    5522 |       0 |   0.0 |      17 |       0 |   0.0
       D:12 |    6199 |       0 |   0.0 |      24 |       0 |   0.0
       D:13 |    8917 |    1037 |  10.4 |      17 |       1 |   5.6
       D:14 |    7413 |    2612 |  26.1 |      17 |       4 |  19.0
       D:15 |   14566 |   12048 |  45.3 |      28 |      22 |  44.0
     Lair:1 |    7298 |    1424 |  16.3 |      35 |       4 |  10.3
     Lair:2 |    4797 |     532 |  10.0 |      13 |       2 |  13.3
     Lair:3 |    2415 |    1523 |  38.7 |      13 |       1 |   7.1
     Lair:4 |    9257 |    3843 |  29.3 |      26 |      10 |  27.8
     Lair:5 |    6088 |    3225 |  34.6 |      23 |      13 |  36.1
     Lair:6 |   19195 |   14226 |  42.6 |      44 |      56 |  56.0
    Swamp:1 |   12776 |       0 |   0.0 |      34 |       0 |   0.0
    Swamp:2 |   14832 |       0 |   0.0 |      31 |       0 |   0.0
    Swamp:3 |   10117 |   11913 |  54.1 |      23 |       7 |  23.3
    Swamp:4 |   18057 |   22014 |  54.9 |      36 |      41 |  53.2
   Spider:1 |    6485 |    7820 |  54.7 |      18 |      12 |  40.0
   Spider:2 |   14473 |       0 |   0.0 |      41 |       0 |   0.0
   Spider:3 |   10527 |    3384 |  24.3 |      28 |       5 |  15.2
   Spider:4 |    9924 |   16897 |  63.0 |      32 |      33 |  50.8
      Orc:1 |    3395 |    1095 |  24.4 |      28 |      14 |  33.3
      Orc:2 |    2493 |   22280 |  89.9 |      19 |      72 |  79.1
      Elf:1 |   16068 |    9345 |  36.8 |      26 |      17 |  39.5
      Elf:2 |   16182 |    3324 |  17.0 |      28 |       4 |  12.5
      Elf:3 |   18595 |    1865 |   9.1 |      28 |       2 |   6.7
   Vaults:1 |   15336 |   45675 |  74.9 |      21 |      52 |  71.2
   Vaults:2 |   35409 |   23243 |  39.6 |      46 |      32 |  41.0
   Vaults:3 |   16923 |    6405 |  27.5 |      27 |       8 |  22.9
   Vaults:4 |   33773 |   26799 |  44.2 |      51 |      32 |  38.6
   Vaults:5 |    1175 |   23098 |  95.2 |       1 |      24 |  96.0
   Depths:1 |   21665 |    5503 |  20.3 |      26 |       6 |  18.8
   Depths:2 |   39509 |   21674 |  35.4 |      52 |      23 |  30.7
   Depths:3 |   10317 |   10355 |  50.1 |      16 |      15 |  48.4
    Abyss:2 |     463 |       0 |   0.0 |       1 |       0 |   0.0
            +---------+---------+-------+---------+---------+-------
